 Dungeon Crawl Stone Soup version 0.25-a0-294-gea9b1ad (webtiles) character file.

Game seed: 16092441630199236435, levelgen mode: deterministic

924 MrTaco21 the Basher (level 8, -1/46 HPs)
             Began as a Gargoyle Fighter on Dec 17, 2019.
             Slain by an ogre
             ... wielding a +0 giant spiked club
              (10 damage)
             ... on level 5 of the Dungeon.
             The game lasted 00:09:23 (4210 turns).

MrTaco21 the Basher (Gargoyle Fighter)              Turns: 4210, Time: 00:09:24

Health: -1/46      AC: 15    Str: 23    XL:     8   Next: 10%
Magic:  8/8        EV:  5    Int:  8    God:
Gold:   308        SH:  9    Dex:  9    Spells: 7/7 levels left

rFire    . . .     SeeInvis .   a - +0 flail
rCold    . . .     Gourm    .   c - +0 shield
rNeg     + . .     Faith    .   f - +0 chain mail
rPois    ∞         Spirit   .   (no helmet)
rElec    +         Reflect  .   m - +0 cloak
rCorr    .         Harm     .   (no gloves)
MR       .....                  (no boots)
Stlth    ..........             (no amulet)
HPRegen  0.15/turn              (no ring)
MPRegen  0.11/turn              (no ring)

@: no status effects
A: negative energy resistance 1, electricity resistance, unbreathing,
petrification resistance, rot immunity, AC +5
a: no special abilities


You were on level 5 of the Dungeon.
You were hungry.

You visited 1 branch of the dungeon, and saw 5 of its levels.

You collected 308 gold pieces.

Inventory:

Hand Weapons
 a - a +0 flail (weapon)
Armour
 c - a +0 shield (worn)
 f - a +0 chain mail (worn)
   (You found it on level 2 of the Dungeon)
 m - a +0 cloak (worn)
   (You found it on level 1 of the Dungeon)
Jewellery
 s - an uncursed amulet of faith {unknown}
   (You found it on level 3 of the Dungeon)
Scrolls
 g - a scroll of fog {unknown}
 h - 3 scrolls of remove curse {@r2}
 i - a scroll of identify {unknown}
 j - a scroll of fear {unknown}
 o - a scroll of enchant armour {unknown}
 q - 2 scrolls of blinking {unknown}
 r - a scroll of random uselessness {unknown}
 u - a scroll of enchant weapon {unknown}
Potions
 b - a potion of berserk rage {unknown}
 d - 2 potions of might
 k - 3 potions of curing {unknown}
 l - a potion of agility {unknown}
 n - a potion of heal wounds {unknown}
 p - a potion of flight {unknown}
Comestibles
 e - 9 rations {!d}


   Skills:
 - Level 3.2 Fighting
 + Level 9.2 Maces & Flails
 - Level 3.2 Armour
 - Level 3.2 Shields


You had 7 spell levels left.
You didn't know any spells.
Your spell library was empty.

Dungeon Overview and Level Annotations

Branches:
Dungeon (5/15)
 Temple: D:4-7

Altars:
Ru
Sif Muna
Yredelemnul
Zin


Innate Abilities, Weirdness & Mutations

You are resistant to torment.
Your stone body is resilient. (AC +5)
You are immune to poison.
You resist negative energy. (rN+)
You are resistant to electric shocks. (rElec)
You can survive without breathing.
You are immune to petrification.
You are immune to rotting.


Message History

The bullfrog hits you but does no damage.
You closely miss the bullfrog.
The bullfrog hits you but does no damage.
You block the bullfrog's attack.
You closely miss the bullfrog. You block the bullfrog's attack.
You hit the bullfrog but do no damage.
The bullfrog hits you but does no damage. x2
You sock the bullfrog!
The bullfrog hits you but does no damage.
The bullfrog completely misses you.
You miss the bullfrog.
The bullfrog hits you but does no damage.
You closely miss the bullfrog.
The bullfrog hits you but does no damage.
You block the bullfrog's attack.
You closely miss the bullfrog.
The bullfrog hits you but does no damage.
You hit the bullfrog.
You kill the bullfrog!
No target in view!
You butcher the bullfrog corpse.
t - a chunk of flesh You see here a bullfrog skeleton. x2
Eating a chunk of flesh.
You eat the chunk of flesh.
You are feeling hungry.
An ogre comes into view. It is wielding a +0 giant spiked club.
The ogre shouts!
Found 23 stones.
An ogre is nearby!
Found a stone staircase leading down.
The ogre barely misses you.
You hit the ogre but do no damage.
An ooze comes into view.
The ooze quivers.
You hit the ogre. You block the ogre's attack.
You bludgeon the ogre!!
The ogre hits you with a +0 giant spiked club!
Your chain mail prevents you from hitting the ogre.
You hit the ogre.
The ogre hits you with a +0 giant spiked club!!
* * * LOW HITPOINT WARNING * * *
You hit the ogre. The ogre hits you but does no damage.
You hit the ogre. You hit the ogre but do no damage.
The ogre hits you with a +0 giant spiked club.
* * * LOW HITPOINT WARNING * * *
You block the ooze's attack.
Your chain mail prevents you from hitting the ogre.
The ogre hits you with a +0 giant spiked club!
You die...

##.................
##.#.....)......... ....
#..#.............. ..>.
((..............# .....
##(.............# #.....
..............####......
.#.......#..........(..#
##..............?J......
###.........#...@O......
##..........##$.........
#P.P#....÷.##..##.......
##.##.......#..# ....#..
#.. #P#........# ....# .
.. ............# ......
#...#P..................
##.##....#.....#.♣.♣.#..
. .P....##.......


You could see an ogre and an ooze.

Vanquished Creatures
  2 ogres
  2 centaurs
  A bullfrog (D:5)
  A crimson imp (D:5)
  A jelly (D:2)
  A hound (D:5)
  An orc priest (D:3)
  2 bullfrog skeletons
  An iguana (D:4)
  2 worker ants
  11 adders
  A shadow imp (D:3)
  9 oozes
  An adder skeleton (D:4)
  2 worms (D:4)
  7 dart slugs
  4 leopard geckos
  4 orcs (D:3)
  2 ball pythons
  8 giant cockroaches
  12 goblins
  3 hobgoblins
  3 jackals (D:3)
  2 quokkas
  11 bats
  7 frilled lizards
  18 kobolds
  6 rats
125 creatures vanquished.

Vanquished Creatures (others)
  2 fungi (D:2)
  9 toadstools (D:2)
11 creatures vanquished.

Grand Total: 136 creatures vanquished

Notes
Turn   | Place    | Note
-------+----------+-------------------------------------------
     0 | D:1      | MrTaco21 the Gargoyle Fighter began the quest for the Orb.
     0 | D:1      | Reached XP level 1. HP: 14/14 MP: 1/1
    88 | D:1      | Reached XP level 2. HP: 18/19 MP: 2/2
   176 | D:1      | Reached skill level 3 in Maces & Flails
   392 | D:1      | Reached XP level 3. HP: 23/23 MP: 3/3
   773 | D:2      | Reached skill level 4 in Maces & Flails
   799 | D:2      | Reached XP level 4. HP: 24/28 MP: 4/4
  1057 | D:2      | Reached skill level 5 in Maces & Flails
  1106 | D:2      | Reached XP level 5. HP: 32/32 MP: 5/5
  1854 | D:3      | Reached skill level 6 in Maces & Flails
  1855 | D:3      | Found a sacrificial altar of Ru.
  1880 | D:3      | Reached XP level 6. HP: 28/37 MP: 6/6
  2840 | D:4      | Reached skill level 7 in Maces & Flails
  2847 | D:4      | Reached XP level 7. HP: 18/41 MP: 7/7
  3162 | D:4      | Found a shimmering blue altar of Sif Muna.
  3311 | D:4      | Found a glowing silver altar of Zin.
  3436 | D:5      | Entered Level 5 of the Dungeon
  3493 | D:4      | Reached skill level 8 in Maces & Flails
  3784 | D:5      | Found a basalt altar of Yredelemnul.
  3877 | D:5      | Reached skill level 9 in Maces & Flails
  3877 | D:5      | Reached XP level 8. HP: 11/46 MP: 8/8
  4210 | D:5      | Slain by an ogre

Levels and vault maps discovered:
D:1:      minmay_arrival_stone_box, layout_rooms, serial_corexii_hall,
          corexii_hall_statues_i, corexii_hall_statues_l,
          corexii_hall_statues_t, minivault_5, minmay_box_of_dots
D:2:      cheibrodos_fertilizer, layout_basic
D:3:      layout_basic, old_standard_altar
D:4:      layout_cave_pools, lemuel_blue_sif_altar, zin_treasury
D:5:      layout_cave_pools, slow_altar_1, okawaru_trees_1,
          minmay_temple_entry_gardened_gates, first_ration,
          yredelemnul_altar_generic

Skill      XL: |  1  2  3  4  5  6  7 |
---------------+----------------------+-----
Maces & Flails | 3 4 5 6 7 9 |  9.2
Fighting       | |  3.2
Armour         | |  3.2
Shields        | |  3.2

Action                   |  1- 3 |  4- 6 |  7- 9 || total
-------------------------+-------+-------+-------++-------
Melee: Flail             |   133 |   345 |   126 ||   604
  Use: Scroll            |     1 |     1 |       ||     2
  Eat: Chunk             |       |     7 |     4 ||    11
Armor: Scale mail        |    90 |   146 |       ||   236
       Chain mail        |       |   127 |    94 ||   221
Dodge: Dodged            |    41 |   136 |    33 ||   210
Block: Shield            |    80 |   269 |    68 ||   417

Table legend:
 A = Non-vault XP
 B = Vault XP
 C = Vault XP percentage of total XP
 D = Non-vault monster count
 E = Vault monster count
 F = Vault count percentage of total count
                 A         B        C        D         E       F
            +---------+---------+-------+---------+---------+-------
      Total |    1204 |     116 |   8.8 |     105 |      20 |  16.0
            +---------+---------+-------+---------+---------+-------
        D:1 |      41 |       4 |   8.9 |      21 |       3 |  12.5
        D:2 |     143 |     112 |  43.9 |      27 |      17 |  38.6
        D:3 |     123 |       0 |   0.0 |      30 |       0 |   0.0
        D:4 |     429 |       0 |   0.0 |      19 |       0 |   0.0
        D:5 |     468 |       0 |   0.0 |       8 |       0 |   0.0
            +---------+---------+-------+---------+---------+-------
